 Dungeon Crawl Stone Soup version 0.29.1-15-g9cfb28693d (webtiles) character file.

Game seed: 13382932753229490449

231 leafyfresh the Covert (level 6, -5/53 HPs)
             Began as a Gnoll Delver on Mar 5, 2023.
             Slain by Grinder (6 damage)
             ... on level 3 of the Dungeon.
             The game lasted 00:04:25 (3760 turns).

leafyfresh the Covert (Gnoll Delver)                Turns: 3760, Time: 00:04:26

Health: -5/53      AC:  3    Str: 11    XL:     6   Next: 3%
Magic:  8/8        EV: 13    Int: 10    God:
Gold:   144        SH:  0    Dex: 15    Spells: 7/8 levels left

rFire   + . .      SeeInvis .   l - +1 hand axe (pain)
rCold   x . .      Faith    .   s - orb {light}
rNeg    . . .      Spirit   .   b - +0 leather armour
rPois   .          Reflect  .   (no helmet)
rElec   .          Harm     .   (no cloak)
rCorr   .          Rampage  .   (no gloves)
Will    .....                   (no boots)
Stlth   ++........              (no amulet)
HPRegen 0.17/turn               n - ring of fire
MPRegen 0.11/turn               (no ring)

@: glowing
A: fangs 1, strong nose, distributed training
a: no special abilities


You were on level 3 of the Dungeon.
You visited 1 branch of the dungeon, and saw 5 of its levels.

You collected 144 gold pieces.

Inventory:

Hand Weapons
 a - a +0 short sword
 l - a +1 hand axe of pain (weapon)
 p - a +0 dagger of electrocution
 u - a +0 sling
Missiles
 j - 41 stones (quivered)
Armour
 b - a +0 leather armour (worn)
 s - an orb of light (worn)
Magical Staves
 k - a staff of death
Jewellery
 n - a ring of fire (left hand)
 r - a ring of ice
Wands
 g - a wand of digging (3)
Scrolls
 c - a scroll of fog
 d - 3 scrolls of immolation
 e - a scroll of magic mapping
 m - a scroll of vulnerability {unknown}
 o - 3 scrolls of enchant weapon {unknown}
 q - 2 scrolls of identify {unknown}
Potions
 f - a potion of haste
 h - a potion of magic {unknown}
 t - a potion of degeneration {unknown}


   Skills:
 + Level 6.8 Fighting
 + Level 4.9 Short Blades
 + Level 1.8 Long Blades
 + Level 1.8 Axes
 + Level 1.8 Maces & Flails
 + Level 1.8 Polearms
 + Level 1.8 Staves
 + Level 1.8 Ranged Weapons
 + Level 1.8 Throwing
 + Level 1.8 Armour
 + Level 4.9 Dodging
 + Level 9.7 Stealth
 + Level 1.8 Shields
 + Level 1.8 Unarmed Combat
 + Level 1.8 Spellcasting
 + Level 1.4 Conjurations
 + Level 1.4 Hexes
 + Level 1.4 Summonings
 + Level 1.4 Necromancy
 + Level 1.4 Translocations
 + Level 1.4 Transmutations
 + Level 1.4 Fire Magic
 + Level 1.4 Ice Magic
 + Level 1.4 Air Magic
 + Level 1.4 Earth Magic
 + Level 1.4 Poison Magic
 + Level 2.0 Invocations
 + Level 1.8 Evocations


You had 7 spell levels left.
You knew the following spells:

 Your Spells              Type           Power      Damage    Failure   Level
a - Sandblast             Erth           6%         2d5       24%         1

Your spell library contained the following spells:

 Spells                   Type           Power      Damage    Failure   Level
 Passwall                 Tmut/Erth      2%         N/A       34%         2
 Poisonous Vapours        Pois/Air       6%         N/A       34%         2
 Stone Arrow              Conj/Erth      6%         3d7       56%         3
 Corpse Rot               Necr/Pois/Air  3%         N/A       93%         4


Dungeon Overview and Level Annotations

Branches:
Dungeon (5/15)
 Temple: D:4-7

Altars:

Annotations:
D:3 Grinder
D:5 1 runed translucent door, issech's ghost, novice MiMo


Innate Abilities, Weirdness & Mutations

You have very sharp teeth.
Your uncanny sense of smell can sniff out nearby items.
Your experience applies equally to all skills.


Message History

Grinder says, "You look like you could use a good racking."
The orc closely misses you.
Grinder blinks!
You hit the orc.
You kill the orc!
You feel very sick.
You hit the orc.
The orc is lightly wounded.
You feel sick. The orc closely misses you.
You barely miss the orc.
The orc is lightly wounded.
You feel sick. The orc hits you with a +0 hand axe.
* * * LOW HITPOINT WARNING * * *
Grinder says, "Wait up."
Grinder blinks!
You feel much better.
You feel sick. The orc completely misses you.
Unknown command.
You hit the orc.
The orc writhes in agony.
You kill the orc!
You feel sick.
Grinder blinks!
Unknown command.
You feel sick.
Items here: ))))) [[[ †††††.
You feel sick. Grinder gestures at you.
You suddenly lose the ability to move!
You feel sick.
You are no longer poisoned.
Grinder gestures at you. Pain shoots through your body!
* * * LOW HITPOINT WARNING * * *
You can move again.
Grinder gestures at you. Pain shoots through your body!
* * * LOW HITPOINT WARNING * * *
You hit Grinder.
Grinder is lightly wounded.
Grinder hits you!
* * * LOW HITPOINT WARNING * * *
You writhe in agony.
You die...

.....#.#.
#.#...#.#..
.#.#$...#
...........
.........
.#.#...#.#..
.#.#....##
..?..b.S.....
.........##.#
....#......
.........#
#...5# #...@#
#...## #....#
#.##)# ∆ ...
#.# #.### ###
.. .


You could see Grinder.

Vanquished Creatures
  A scorpion (D:4)
  A howler monkey (D:5)
  A gnoll (D:4)
  3 adders
  2 worms
  5 dart slugs
  8 orcs
  4 ball pythons
  12 endoplasms
  A giant cockroach (D:1)
  8 hobgoblins
  2 jackals (D:3)
  8 kobolds
  3 quokkas
  3 bats
  4 frilled lizards
  4 goblins
  A rat (D:1)
71 creatures vanquished.

Notes
Turn   | Place    | Note
-------+----------+-------------------------------------------
     0 | D:5      | Reached skill level 9 in Stealth
     0 | D:5      | leafyfresh the Gnoll Delver began the quest for the Orb.
     0 | D:5      | Reached XP level 1. HP: 23/23 MP: 1/1
    87 | D:5      | Found a runed translucent door.
   103 | D:5      | Reached XP level 2. HP: 29/29 MP: 2/2
   107 | D:5      | Noticed a howler monkey
   114 | D:5      | Killed a howler monkey
   115 | D:5      | Reached skill level 1 in Invocations
   115 | D:5      | Reached XP level 3. HP: 35/35 MP: 2/4
   138 | D:5      | Reached skill level 1 in Long Blades
   138 | D:5      | Reached skill level 1 in Axes
   138 | D:5      | Reached skill level 1 in Maces & Flails
   138 | D:5      | Reached skill level 1 in Polearms
   138 | D:5      | Reached skill level 1 in Staves
   138 | D:5      | Reached skill level 1 in Ranged Weapons
   138 | D:5      | Reached skill level 1 in Throwing
   138 | D:5      | Reached skill level 1 in Armour
   138 | D:5      | Reached skill level 1 in Shields
   138 | D:5      | Reached skill level 1 in Unarmed Combat
   138 | D:5      | Reached skill level 1 in Spellcasting
   138 | D:5      | Reached skill level 1 in Evocations
   147 | D:4      | Noticed a scorpion
   150 | D:4      | Killed a scorpion
   151 | D:4      | Reached skill level 1 in Conjurations
   151 | D:4      | Reached skill level 1 in Hexes
   151 | D:4      | Reached skill level 1 in Summonings
   151 | D:4      | Reached skill level 1 in Necromancy
   151 | D:4      | Reached skill level 1 in Translocations
   151 | D:4      | Reached skill level 1 in Transmutations
   151 | D:4      | Reached skill level 1 in Fire Magic
   151 | D:4      | Reached skill level 1 in Ice Magic
   151 | D:4      | Reached skill level 1 in Air Magic
   151 | D:4      | Reached skill level 1 in Earth Magic
   151 | D:4      | Reached skill level 1 in Poison Magic
   151 | D:4      | Reached XP level 4. HP: 41/41 MP: 5/5
   197 | D:4      | Learned a level 1 spell: Sandblast
   543 | D:4      | Reached XP level 5. HP: 35/47 MP: 7/7
  1544 | D:5      | Noticed issech's ghost (novice MiMo)
  1558 | D:5      | Noticed a lemure
  1559 | D:5      | Noticed a lemure
  3707 | D:3      | Noticed Grinder
  3707 | D:3      | Paralysed by Grinder for 5 turns
  3733 | D:3      | Reached XP level 6. HP: 40/53 MP: 8/8
  3755 | D:3      | Paralysed by Grinder for 3 turns
  3760 | D:3      | HP: 1/53 [Grinder (8)]
  3760 | D:3      | Slain by Grinder

Illustrated notes

Levels and vault maps discovered:
D:1:      eino_arrival_water_cross, layout_rooms, feat_on_display
D:2:      layout_basic
D:3:      layout_rooms, doesnt_xom_only_xom, serial_glass, glass_columns_a,
          glass_columns_b, glass_columns_a, glass_columns_b, glass_columns_b,
          glass_columns_b, glass_columns_a, glass_columns_b, glass_columns_a,
          glass_columns_a, glass_columns_b, glass_columns_a, glass_columns_b,
          glass_columns_c, grunt_ministairs_12, uniq_grinder
D:4:      layout_loops_ring, hangedman_minor_gate_pass
D:5:      layout_basic, mainiacjoe_overflow_alcove_1, ebering_ghost_inner_flame,
          uniq_duvessa, uniq_pikel

Skill      XL: |  1  2  3  4  5 |
---------------+----------------+-----
Stealth        | |  9.7
Invocations    | 1 2 |  2.0
Long Blades    | 1 |  1.8
Axes           | 1 |  1.8
Maces & Flails | 1 |  1.8
Polearms       | 1 |  1.8
Staves         | 1 |  1.8
Ranged Weapons | 1 |  1.8
Throwing       | 1 |  1.8
Armour         | 1 |  1.8
Shields        | 1 |  1.8
Unarmed Combat | 1 |  1.8
Spellcasting   | 1 |  1.8
Evocations     | 1 |  1.8
Conjurations   | 1 |  1.4
Hexes          | 1 |  1.4
Summonings     | 1 |  1.4
Necromancy     | 1 |  1.4
Translocations | 1 |  1.4
Transmutations | 1 |  1.4
Fire Magic     | 1 |  1.4
Ice Magic      | 1 |  1.4
Air Magic      | 1 |  1.4
Earth Magic    | 1 |  1.4
Poison Magic   | 1 |  1.4
Fighting       | |  6.8
Short Blades   | |  4.9
Dodging        | |  4.9

Action                   |  1- 3 |  4- 6 || total
-------------------------+-------+-------++-------
Melee: Short sword       |     4 |    39 ||    43
       Bite              |       |    24 ||    24
       Punch             |       |     3 ||     3
       Hand axe          |       |   150 ||   150
  Use: Scroll            |     1 |     1 ||     2
       Potion            |       |     2 ||     2
 Stab: Sleeping          |     3 |    16 ||    19
       Distracted        |     1 |     1 ||     2
Armor: Leather armour    |       |    29 ||    29
Dodge: Dodged            |       |   121 ||   121
